 Dungeon Crawl Stone Soup version 0.31-a0-1144-g99969ba1bc (webtiles) character file.

Game seed: 7222207499538838224

73495 graki42 the Eclecticist (level 15, -16/72 HPs)
             Began as a Deep Elf Conjurer on Dec 5, 2023.
             Was a High Priest of Vehumet.
             Demolished by a large abomination (37 damage)
             ... on level 2 of the Abyss on Dec 6, 2023.
             The game lasted 01:23:49 (19952 turns).

graki42 the Eclecticist (Deep Elf Conjurer)        Turns: 19952, Time: 01:23:50

Health: -16/72     AC:  6    Str: 10    XL:     15   Next: 4%
Magic:  15/49      EV: 13    Int: 23    God:    Vehumet [*****.]
Gold:   2347       SH:  0    Dex: 14    Spells: 24/52 levels left

rFire   + . .        O - staff of Esiulub {rPois rF+ Int-2 Dex-3 Fire Air}
rCold   + . .        (no shield)
rNeg    . . .        v - +1 robe of the Albatross {Dex+4}
rPois   +            (no helmet)
rElec   .            E - +2 cloak
rCorr   .            (no gloves)
SInv    .            (no boots)
Will    +....        f - amulet of magic regeneration
Stlth   ++           x - ring of protection from cold
HPRegen 0.32/turn    p - ring of magical power
MPRegen 0.71/turn

%: no passive effects
@: no status effects
A: no striking features
a: Renounce Religion


You were on level 2 of the Abyss.
You worshipped Vehumet.
Vehumet was extremely pleased with you.
You visited 5 branches of the dungeon, and saw 20 of its levels.
You visited the Abyss 1 time.
You also visited: Sewer and Volcano.

You collected 2745 gold pieces.
You spent 398 gold pieces at shops.

Inventory:

Hand Weapons
 a - the +1 mace "Quidoef" {drain, rPois rC+}
   (You bought it in a shop on level 1 of the Orcish Mines)

   rC+:       It protects you from cold.
   rPois:     It protects you from poison
Missiles
 w - 3 throwing nets
Armour
 v - the +1 robe of the Albatross (worn) {Dex+4}
   (You bought it in a shop on level 2 of the Orcish Mines)

   Dex+4:     It affects your dexterity (+4).
 E - a +2 cloak (worn)
Magical Staves
 g - a staff of poison
 l - a staff of earth
 H - a staff of death
 O - the staff of Esiulub (weapon) {rPois rF+ Int-2 Dex-3 Fire Air}
   (You found it on level 1 of the Lair of Beasts)

   [staff of fire]

   Base accuracy: +5 Base damage: 5 Base attack delay: 1.2 This weapon's minimum
   attack delay (0.6) is reached at skill level 12.
   Int-2:     It affects your intelligence (-2).
   Dex-3:     It affects your dexterity (-3).
   rF+:       It protects you from fire.
   rPois:     It protects you from poison Fire: It increases the power of your
   Fire spells.
   Air:       It increases the power of your Air spells.
   It falls into the 'Staves' category.
   It is a one-handed weapon.
Jewellery
 f - an amulet of magic regeneration (around neck)
 p - a ring of magical power (right hand)
 x - a ring of protection from cold (left hand)
 N - a ring of positive energy
 R - a ring of protection from cold
Wands
 y - a wand of paralysis (7)
 F - a wand of acid (4)
Scrolls
 c - 4 scrolls of poison
 j - 2 scrolls of fog
 m - 2 scrolls of amnesia
 q - 3 scrolls of noise
 B - 2 scrolls of butterflies
 D - 5 scrolls of teleportation
 M - 2 scrolls of enchant armour
 Q - a scroll of fear
Potions
 b - 3 potions of magic
 d - 7 potions of curing
 e - a potion of brilliance {unknown}
 h - 2 potions of haste
 i - 3 potions of attraction
 k - 3 potions of mutation
 n - a potion of degeneration
 o - 3 potions of might
 r - a potion of enlightenment
 s - 2 potions of heal wounds
 t - 2 potions of lignification
 u - 2 potions of berserk rage
 z - a potion of ambrosia
 A - 2 potions of invisibility
 K - 2 potions of cancellation {unknown}


   Skills:
 - Level 3.0 Dodging
 - Level 3.0 Stealth
 + Level 19.1 Spellcasting
 + Level 16.6 Conjurations
 - Level 7.0 Hexes
 + Level 7.4 Necromancy
 - Level 6.0 Translocations
 + Level 14.0 Fire Magic
 - Level 6.0 Earth Magic


You had 24 spell levels left.
You knew the following spells:

 Your Spells              Type           Power      Damage    Failure   Level
a - Magic Dart            Conj           100%       1d8       0%          1
b - Searing Ray           Conj           100%       2d8       0%          2
c - Fulminant Prism       Conj/Hex       33%        3d15      1%          4
d - Iskenderun's Mystic   Conj/Tloc      65%        2d13      1%          4
e - Fireball              Conj/Fire      47%        3d19      1%          5
f - Iskenderun's Battles  Conj           78%        2d13      1%          5
g - Orb of Destruction    Conj           39%        9d11      1%          7

Your spell library contained the following spells:

 Spells                   Type           Power      Damage    Failure   Level
 Yara's Violent Unravell  Hex/Tmut       19%        3d9       4%          5
 Cigotuvi's Dreadful Rot  Necr/Pois/Air  100%       N/A       1%          2
 Poisonous Vapours        Pois/Air       66%        N/A       1%          2
 Dazzling Flash           Conj/Hex       100%       N/A       1%          3
 Mephitic Cloud           Conj/Pois/Air  63%        N/A       1%          3
 Volatile Blastmotes      Fire/Tloc      100%       2d18      1%          3
 Brom's Barrelling Bould  Conj/Erth      65%        2d8       1%          4
 Dispel Undead            Necr           54%        3d20      1%          4
 Arcjolt                  Conj/Air       37%        1d47      1%          5
 Freezing Cloud           Conj/Ice/Air   31%        6-21      1%          5
 Starburst                Conj/Fire      47%        6d13      1%          6
 Conjure Ball Lightning   Conj/Air       37%        3x3d12    3%          6
 Vhi's Electric Charge    Tloc/Air       100%       N/A       6%          4
 Ozocubu's Armour         Ice            22%        N/A       7%          3
 Summon Mana Viper        Hex/Summ       38%        N/A       14%         5
 Death Channel            Necr           27%        N/A       16%         6
 Summon Ice Beast         Ice/Summ       22%        N/A       22%         4
 Ozocubu's Refrigeration  Ice            11%        4d9       98%         7
 Monstrous Menagerie      Summ           11%        N/A       100%        7
 Maxwell's Capacitive Co  Air            16%        ∞         100%        8


Dungeon Overview and Level Annotations

Branches:
Dungeon (11/15)            Temple (1/1) D:6            Lair (5/5) D:11
 Shoals (0/4) Lair:3       Spider (0/4) Lair:2        Slime (0/5) Lair:5
    Orc (2/2) D:11            Elf (1/3) Orc:2         Sewer (visited)
Volcano (visited)

Altars:
Ashenzari
Cheibriados
Dithmenos
Elyvilon
Fedhas
Gozag
Hepliaklqana
Kikubaaqudgha
Makhleb
Nemelex Xobeh
Okawaru
Qazlal
Ru
Sif Muna
Trog
Uskayaw
Vehumet
Wu Jian
Xom
Yredelemnul
Zin
The Shining One

Shops:
D:1 *   Orc:1 (   Orc:2 *[=(

Annotations:
D:5 Pikel


Message History

Casting: Fireball (safe; 1% risk of failure)
Confirm with . or Enter, or press ? or * to list all spells.
Aiming: Fireball (safe; 1% risk of failure)
Press: ? - help, Shift-Dir - straight line, f/p - tentacled starspawn
Aim: a tentacled starspawn (almost destroyed)
You feel a surge of power!
The fireball explodes!
The fireball engulfs the tentacled starspawn!!
You destroy the tentacled starspawn!
Vehumet accepts your kill.
You feel your power returning.
The starspawn's tentacles wither and die.
The smoke demon gestures at you. The ball of steam hits you! You resist.
Casting: Fireball (safe; 1% risk of failure)
Confirm with . or Enter, or press ? or * to list all spells.
Okay, then.
A large abomination comes into view.
The white draconian breathes frost at you.
The blast of cold hits your battlesphere.
Your battlesphere resists.
The large abomination hits you but does no damage.
Casting: Fireball (safe; 1% risk of failure)
Confirm with . or Enter, or press ? or * to list all spells.
Aiming: Fireball (safe; 1% risk of failure)
Press: ? - help, Shift-Dir - straight line, f - smoke demon
Aim: a smoke demon (lightly wounded)
You feel a surge of power!
The fireball explodes!
The fireball engulfs the smoke demon.
The smoke demon resists.
The smoke demon is lightly wounded.
Your battlesphere fires!
The barrage of energy hits the smoke demon!!
The smoke demon is severely wounded.
The large abomination hits you! The smoke demon gestures at you.
The ball of steam hits you. You resist.
* * * LOW HITPOINT WARNING * * *
The large abomination attacks as it pursues you!
The large abomination hits you!!!
Ouch! That really hurt!
You die...

#### 3#..##...# #
5.....##d#
####.##...*## .#
#.#.###.....#
...#§.#..
3..#.....
#..#..#§###.....#
#.#...§....#..#.#
#..#X#####.# ..
#..#.§@.# ...# #
##...# .. ...#..#
.# ..##. #..# #..
.. ### ## ##. ..
.#


You could see a large abomination.

Vanquished Creatures
  A tentacled starspawn (Abyss:2)
  2 orc warlords
  A fire dragon (Volcano)
  Josephine (Lair:4)
  A boulder beetle (Lair:3)
  3 catoblepae (Lair:5)
  3 two-headed ogres
  17 death yaks
  3 orc high priests (Orc:2)
  4 sun demons (Volcano)
  2 deep elf knights (Elf:1)
  A skyshark (Lair:4)
  The ghost of Scuka the Cleaver, a novice MiBe of Trog (D:5)
  4 deep elf zephyrmancers (Elf:1)
  4 deep elf pyromancers (Elf:1)
  2 oklob plants (Lair:2)
  5 orc knights (Orc:2)
  5 orc sorcerers (Orc:2)
  2 cyclopes
  An ugly thing (D:11)
  2 manticores (Lair:5)
  4 elephants (Lair:1)
  6 black mambas
  2 kobold blastminers (Orc:2)
  10 cane toads
  3 kobold demonologists
  2 smoke demons (Volcano)
  4 rime drakes
  8 komodo dragons
  4 merfolk (Lair:3)
  A meliai (Lair:2)
  3 polar bears
  A hornet (D:9)
  7 trolls
  Prince Ribbit (D:5)
  8 blink frogs
  Sigmund (D:2)
  2 shadows
  A vampire (D:6)
  6 wraiths
  6 wyverns
  A ynoxinul (Abyss:2)
  52 yaks
  3 basilisks
  5 steam dragons
  2 vampire mosquitoes (D:11)
  Edmund (D:5)
  A small abomination (Abyss:2)
  A warg (Orc:2)
  2 acid dragons
  18 water moccasins
  3 hell hounds (Volcano)
  A sky beast (D:6)
  34 orc warriors
  2 ice beasts
  2 black bears
  7 ogres
  7 wolves
  2 centaurs (D:10)
  A lemure (D:5)
  A phantom (D:6)
  9 bullfrogs
  3 kobold brigands
  4 scorpions
  A gnoll sergeant (D:9)
  2 wyvern skeletons (D:5)
  12 wights
  10 killer bees
  4 howler monkeys
  6 hounds
  Crazy Yiuf (D:7)
  A jelly (D:7)
  A gnoll bouda (D:8)
  23 orc priests
  Terence (D:2)
  2 sleepcaps
  Jessica (D:2)
  5 iguanas
  22 orc wizards
  Robin (D:2)
  13 gnolls
  6 adders
  3 white imps
  3 ufetubi
  5 worms
  4 dart slugs
  82 orcs
  5 ball pythons
  12 endoplasms
  8 giant cockroaches
  19 goblins
  11 hobgoblins
  8 jackals
  3 quokkas
  4 bats
  4 frilled lizards
  13 kobolds
  2 rats (D:1)
605 creatures vanquished.

Vanquished Creatures (others)
  An orc wizard (D:5)
  A butterfly (D:7)
  8 fulminant prisms
  2 starspawn tentacles (Abyss:2)
12 creatures vanquished.

Grand Total: 617 creatures vanquished

Notes
Turn   | Place    | Note
-------+----------+-------------------------------------------
     0 | D:1      | graki42 the Deep Elf Conjurer began the quest for the Orb.
     0 | D:1      | Reached XP level 1. HP: 10/10 MP: 6/6
   350 | D:1      | Reached XP level 2. HP: 15/15 MP: 5/8
   353 | D:1      | Learned a level 2 spell: Searing Ray
   377 | D:1      | Found Mufunt's General Store.
   954 | D:1      | Reached XP level 3. HP: 19/19 MP: 3/10
  1369 | D:2      | Noticed Robin
  1516 | D:2      | Noticed Sigmund
  1534 | D:2      | Killed Sigmund
  1535 | D:2      | Reached skill level 5 in Spellcasting
  1535 | D:2      | Reached XP level 4. HP: 18/24 MP: 3/13
  1535 | D:2      | Reached XP level 5. HP: 21/28 MP: 3/15
  1724 | D:2      | Found a faded altar of an unknown god.
  1779 | D:2      | Noticed Terence
  1788 | D:2      | Killed Terence
  1952 | D:2      | Noticed Jessica
  1953 | D:2      | Killed Jessica
  1954 | D:2      | Reached skill level 6 in Spellcasting
  1954 | D:2      | Reached XP level 6. HP: 32/32 MP: 14/17
  2228 | D:2      | Killed Robin
  2631 | D:3      | Learned a level 4 spell: Fulminant Prism
  2639 | D:3      | Learned a level 4 spell: Iskenderun's Mystic Blast
  2853 | D:3      | Found a glowing drain.
  2857 | Sewer    | Entered a sewer
  2948 | Sewer    | Noticed a water moccasin
  2955 | Sewer    | Killed a water moccasin
  2956 | Sewer    | Reached skill level 1 in Hexes
  2956 | Sewer    | Reached skill level 1 in Translocations
  4277 | D:4      | Reached XP level 7. HP: 36/36 MP: 19/19
  4869 | D:5      | Entered Level 5 of the Dungeon
  4883 | D:5      | Reached skill level 7 in Spellcasting
  4905 | D:5      | Noticed Edmund
  4908 | D:5      | Noticed Pikel
  5187 | D:5      | Noticed Prince Ribbit
  5195 | D:5      | Killed Prince Ribbit
  5455 | D:5      | Reached XP level 8. HP: 25/41 MP: 21/21
  5790 | D:5      | Reached skill level 8 in Spellcasting
  5801 | D:5      | Killed Edmund
  5802 | D:5      | Reached skill level 5 in Hexes
  6011 | D:5      | Found a runed translucent gate.
  6011 | D:5      | Found a runed translucent gate.
  6011 | D:5      | Noticed Scuka's ghost (novice MiBe)
  6012 | D:5      | Found a runed translucent gate.
  6036 | D:5      | Killed Scuka's ghost
  6037 | D:5      | Reached skill level 9 in Spellcasting
  6037 | D:5      | Reached skill level 5 in Translocations
  6194 | D:6      | Learned a level 5 spell: Fireball
  6259 | D:6      | Reached XP level 9. HP: 45/45 MP: 24/24
  6297 | D:6      | Found a staircase to the Ecumenical Temple.
  6329 | Temple   | Entered the Ecumenical Temple
  6481 | D:6      | Learned a level 5 spell: Iskenderun's Battlesphere
  6744 | D:6      | Reached skill level 10 in Spellcasting
  7338 | D:7      | Reached skill level 1 in Fire Magic
  7338 | D:7      | Reached skill level 1 in Earth Magic
  7405 | D:7      | Noticed a troll
  7415 | D:7      | Killed a troll
  7608 | D:7      | Found a white marble altar of Elyvilon.
  7743 | D:7      | Found a runed translucent door.
  7744 | D:7      | Noticed Crazy Yiuf
  7749 | D:7      | Killed Crazy Yiuf
  7750 | D:7      | Reached XP level 10. HP: 50/50 MP: 26/26
  7878 | D:8      | Reached skill level 10 in Conjurations
  7888 | D:8      | Reached skill level 11 in Spellcasting
  8022 | D:8      | Found an ancient bone altar of Kikubaaqudgha.
  8022 | D:8      | Found a burning altar of Makhleb.
  8026 | D:8      | Found a sparkling altar of Nemelex Xobeh.
  8029 | D:8      | Found a radiant altar of Vehumet.
  8029 | D:8      | Found an ornate altar of the Wu Jian Council.
  8032 | D:8      | Found an iron altar of Okawaru.
  8033 | D:8      | Became a worshipper of Vehumet
  8036 | D:8      | Found a snail-covered altar of Cheibriados.
  9044 | D:9      | Noticed an orange demon
  9185 | D:9      | Identified the +5 scale mail of the Lute {rCorr Dex+4 SInv}
  9188 | D:10     | Entered Level 10 of the Dungeon
  9214 | D:9      | Reached * piety under Vehumet
  9214 | D:9      | Offered knowledge of Sandblast by Vehumet.
  9386 | D:9      | Noticed a two-headed ogre
  9392 | D:9      | Killed a two-headed ogre
  9393 | D:9      | Reached skill level 12 in Spellcasting
  9393 | D:9      | Reached skill level 5 in Fire Magic
  9393 | D:9      | Reached skill level 5 in Earth Magic
  9569 | D:9      | Upgraded the game from 0.31-a0-1134-gb247575874 to
                  | 0.31-a0-1144-g99969ba1bc
  9920 | D:10     | Noticed a two-headed ogre
  9927 | D:10     | Killed a two-headed ogre
  9928 | D:10     | Reached XP level 11. HP: 54/54 MP: 16/29
 10487 | D:11     | Offered knowledge of Shock by Vehumet.
 10487 | D:11     | Reached ** piety under Vehumet
 10505 | D:11     | Reached skill level 13 in Spellcasting
 10549 | D:11     | Found a staircase to the Lair.
 10550 | D:11     | Noticed a two-headed ogre
 10563 | D:11     | Killed a two-headed ogre
 10571 | D:11     | Noticed a red ugly thing
 10582 | D:11     | Killed a red ugly thing
 10822 | D:11     | Offered knowledge of Inner Flame by Vehumet.
 10885 | D:11     | Found a staircase to the Orcish Mines.
 11008 | Lair:1   | Entered Level 1 of the Lair of Beasts
 11014 | Lair:1   | Reached skill level 14 in Spellcasting
 11239 | Lair:1   | You fall into a shaft and drop 1 floor!
 11244 | Lair:2   | Reached XP level 12. HP: 59/59 MP: 32/32
 11469 | Lair:2   | Found a blossoming altar of Fedhas.
 11473 | Lair:2   | Reached *** piety under Vehumet
 11998 | Lair:2   | Found a hole to the Spider Nest.
 12044 | Lair:1   | Offered knowledge of Olgreb's Toxic Radiance by Vehumet.
 12249 | Lair:1   | Reached skill level 15 in Spellcasting
 12358 | Lair:1   | Reached skill level 10 in Fire Magic
 12837 | Lair:1   | Identified the staff of Esiulub {rPois rF+ Int-2 Dex-3 Fire
                  | Air}
 12849 | Lair:1   | Reached **** piety under Vehumet
 13000 | Lair:2   | Identified the +0 pair of boots "Liuk Wyo" {*Corrode Str+7}
 13235 | Lair:3   | Found a shimmering blue altar of Sif Muna.
 13382 | Lair:3   | Noticed a death yak
 13383 | Lair:3   | Noticed a death yak
 13383 | Lair:3   | Noticed a death yak
 13383 | Lair:3   | Noticed a death yak
 13383 | Lair:3   | Noticed a death yak
 13388 | Lair:3   | Killed a death yak
 13389 | Lair:3   | Killed a death yak
 13389 | Lair:3   | Killed a death yak
 13392 | Lair:3   | Killed a death yak
 13393 | Lair:3   | Reached skill level 16 in Spellcasting
 13394 | Lair:3   | Killed a death yak
 13450 | Lair:3   | Reached XP level 13. HP: 63/63 MP: 21/35
 13587 | Lair:3   | Offered knowledge of Sticky Flame by Vehumet.
 13800 | Lair:3   | Found a staircase to the Shoals.
 14562 | Lair:4   | Reached skill level 17 in Spellcasting
 14741 | Lair:4   | Learned a level 7 spell: Orb of Destruction
 15131 | Lair:4   | Reached skill level 15 in Conjurations
 15239 | Lair:4   | Noticed Josephine
 15246 | Lair:4   | Killed Josephine
 15246 | Lair:4   | Reached ***** piety under Vehumet
 15248 | Lair:4   | Offered knowledge of Bombard by Vehumet.
 15575 | Lair:5   | Entered Level 5 of the Lair of Beasts
 15652 | Lair:5   | Found a staircase to the Slime Pits.
 15830 | Lair:5   | Reached skill level 1 in Necromancy
 16283 | Lair:5   | Reached XP level 14. HP: 68/68 MP: 24/37
 16291 | Lair:5   | Reached skill level 18 in Spellcasting
 16926 | Orc:1    | Entered Level 1 of the Orcish Mines
 16946 | Orc:1    | Noticed a kraken
 16958 | Orc:1    | Found Qylepaurra's Antique Weapon Emporium.
 16962 | Orc:1    | Noticed an orc warlord
 16974 | Orc:1    | Killed an orc warlord
 17093 | Orc:1    | Found a dark tunnel.
 17101 | Volcano  | Entered a volcano
 17136 | Volcano  | Offered knowledge of Ozocubu's Refrigeration by Vehumet.
 17280 | Volcano  | Reached skill level 5 in Necromancy
 18115 | Orc:2    | Entered Level 2 of the Orcish Mines
 18457 | Orc:2    | Found a staircase to the Elven Halls.
 18478 | Orc:2    | Noticed an orc warlord
 18484 | Orc:2    | Offered knowledge of Yara's Violent Unravelling by Vehumet.
 18484 | Orc:2    | Killed an orc warlord
 18791 | Orc:2    | Found Efipukh's General Store.
 18792 | Orc:2    | Found Avyq's Jewellery Boutique.
 18794 | Orc:2    | Found Nisecix's Antique Armour Boutique.
 18794 | Orc:2    | Found Bemaec's Antique Weapon Shop.
 18810 | Orc:2    | Bought an ancient robe for 142 gold pieces
 18810 | Orc:2    | Identified the +1 robe of the Albatross {Dex+4} (You bought
                  | it in a shop on level 2 of the Orcish Mines)
 19024 | Orc:2    | Found a radiant altar of Vehumet.
 19390 | Orc:1    | Bought a bloodstained mace for 256 gold pieces
 19390 | Orc:1    | Identified the +1 mace "Quidoef" {drain, rPois rC+} (You
                  | bought it in a shop on level 1 of the Orcish Mines)
 19476 | Elf:1    | Entered Level 1 of the Elven Halls
 19564 | Elf:1    | Reached skill level 19 in Spellcasting
 19632 | Elf:1    | Reached XP level 15. HP: 37/72 MP: 33/40
 19872 | Abyss:2  | Cast into level 2 of the Abyss (a deep elf demonologist)
 19938 | Abyss:2  | Noticed a tentacled starspawn
 19947 | Abyss:2  | Killed a tentacled starspawn
 19952 | Abyss:2  | Demolished by a large abomination

Illustrated notes

Levels and vault maps discovered:
D:1:      tekkud_arrival_beachfront_property, layout_loops_corners,
          serial_shops, nicolae_shop_waterfront
D:2:      layout_basic, shapermc_ecumenical_altar_pompeii, uniq_jessica,
          uniq_robin, uniq_terence, uniq_sigmund
D:3:      layout_loops_ring, gup_sewer_entry_bowl, kennysheep_generic_room_3
D:4:      minmay_polygon_palace, layout_basic
D:5:      layout_loops_ring, gammafunk_ghost_necromancy, uniq_edmund,
          uniq_prince_ribbit1, uniq_pikel
D:6:      kennysheep_six_static_rooms, layout_loops_ring,
          minmay_temple_entry_mist, kennysheep_path_1
D:7:      layout_rooms, nicolae_elyvilon_peaceful_grove, uniq_crazy_yiuf_cottage
D:8:      layout_basic, nicolae_overflow_hallway_of_the_gods
D:9:      layout_cave_pools, st_stairs_4
D:10:     layout_rooms
D:11:     layout_roguey, minmay_lair_entry_grove, david_orc_2
Temple:   eino_narrow_crystal_temple
Lair:1:   layout_gridlike, grunt_megastairs_5, lemuel_fruit_tree
Lair:2:   layout_chaotic_city, hellmonk_spider_entry_not_the_bees,
          hangedman_tree_tricks
Lair:3:   layout_regular_city, elwin_shoals_entry_stream, basic_altar,
          infiniplex_staircase_pool_2
Lair:4:   layout_layer_cave, patterned_corridor, lemuel_fruit_fields,
          grunt_megastairs_3, uniq_josephine
Lair:5:   evilmike_catoblepas_cave, layout_cave_shapes, slime_entry_1
Orc:1:    layout_caves, enter_volcano_2, serial_shops, shop,
          mainiacjoe_minedec_watcher_in_the_water
Orc:2:    st_orc_congregation, layout_diamond_mine, basic_altar
Elf:1:    minmay_elf_arrival_plus, layout_loops_corners, minmay_elf_demonology
Abyss:2:  base:
Depths:4

Skill      XL: |  1  2  3  4  5  6  7  8  9 10 11 12 13 14 |
---------------+-------------------------------------------+-----
Stealth        | 3 |  3.0
Dodging        | 3 |  3.0
Spellcasting   | 5 6 7 9 10 12 14 16 17 19 | 19.1
Conjurations   | 6 7 8 9 11 12 14 15 16 | 16.6
Hexes          | 2 4 6 7 |  7.0
Translocations | 1 3 5 6 |  6.0
Fire Magic     | 2 5 8 10 12 14 | 14.0
Earth Magic    | 2 5 6 |  6.0
Necromancy     | 2 7 |  7.4

Action                     |  1- 3 |  4- 6 |  7- 9 | 10-12 | 13-15 || total
---------------------------+-------+-------+-------+-------+-------++-------
  Melee: Whip              |       |       |    10 |    19 |       ||    29
         Staff             |       |       |     1 |       |     1 ||     2
   Cast: Magic Dart        |    50 |    60 |    48 |    13 |    56 ||   227
         Searing Ray       |     7 |    20 |    51 |    15 |     1 ||    94
         Iskenderun's Myst |       |       |    27 |    72 |    33 ||   132
         Fulminant Prism   |       |       |     8 |       |       ||     8
         Fireball          |       |       |     7 |   139 |   252 ||   398
         Iskenderun's Batt |       |       |     2 |     4 |    17 ||    23
         Orb of Destructio |       |       |       |       |     8 ||     8
    Use: Scroll            |       |       |    11 |    11 |     3 ||    25
         Potion            |       |       |     2 |     1 |     1 ||     4
   Stab: Sleeping          |       |       |       |     2 |       ||     2
 Armour: Robe              |     5 |    10 |    31 |    45 |    38 ||   129
  Dodge: Dodged            |     3 |    13 |    40 |    39 |    15 ||   110

Table legend: (Time is in decaauts)
 A = Elapsed time spent in this place.
 B = Non-inter-level travel time spent in this place.
 C = Inter-level travel time spent in this place.
 D = Time resting spent in this place.
 E = Time spent auto-exploring this place.
 F = Levels seen in this place.
 G = Mean time per level.
                   A        B        C        D        E       F      G
               +--------+--------+--------+--------+--------+-----+--------+
         Total |  19984 |  19171 |    813 |   1816 |  14777 |  23 |  868.9 |
       Dungeon |  10902 |  10593 |    309 |    899 |   8331 |  11 |  991.1 |
        Temple |     21 |     21 |      0 |      0 |      0 |   1 |   21.0 |
          Lair |   5866 |   5592 |    274 |    576 |   4446 |   5 | 1173.2 |
  Orcish Mines |   2179 |   1951 |    228 |    140 |   1408 |   2 | 1089.5 |
   Elven Halls |    319 |    319 |      0 |     36 |    254 |   1 |  319.0 |
         Abyss |     79 |     79 |      0 |      0 |     58 |   1 |   79.0 |
         Sewer |    167 |    167 |      0 |      0 |    106 |   1 |  167.0 |
       Volcano |    447 |    447 |      0 |    165 |    174 |   1 |  447.0 |
               +--------+--------+--------+--------+--------+-----+--------+

Top non-repeatable levels by time:
     D:1: 1437 daAuts
   Orc:2: 1406 daAuts
  Lair:4: 1298 daAuts
     D:4: 1262 daAuts
     D:5: 1212 daAuts
  Lair:5: 1211 daAuts
  Lair:1: 1185 daAuts
     D:2: 1177 daAuts
  Lair:3: 1098 daAuts
     D:8: 1096 daAuts
  Lair:2: 1072 daAuts
     D:6: 1053 daAuts
     D:3: 933 daAuts
    D:10: 814 daAuts
   Orc:1: 773 daAuts
